 Dungeon Crawl Stone Soup version 0.29-a0-330-g52719c12eb (webtiles) character file.

Game seed: 9273694758791921121

57070 Gwenloh the Arsonist (level 14, -27/129 HPs)
             Began as a Red Draconian Cinder Acolyte on May 4, 2022.
             Was a Priest of Ignis.
             Annihilated by an orc warrior
             ... wielding a +0 glaive
             ... led by an orc knight
              (34 damage)
             ... on level 2 of the Orcish Mines on May 5, 2022.
             The game lasted 01:27:10 (27920 turns).

Gwenloh the Arsonist (DrCA)                        Turns: 27920, Time: 01:27:11

Health: -27/129    AC: 15    Str: 17    XL:     14   Next: 44%
Magic:  21/38      EV: 12    Int: 18    God:    Ignis [***...]
Gold:   1369       SH:  0    Dex:  8    Spells: 22/35 levels left

rFire   + + +      SeeInvis .   z - staff of fire
rCold   . . .      Faith    .   (no shield)
rNeg    . . .      Spirit   .   (body armour unavailable)
rPois   .          Reflect  .   G - +2 hat
rElec   .          Harm     .   n - +2 cloak
rCorr   +          Rampage  .   m - +2 pair of gloves
Will    +....                   u - +2 pair of boots
Stlth   +.........              (no amulet)
HPRegen 0.31/turn               s - ring of resist corrosion
MPRegen 0.26/turn               B - ring of magical power

@: spiked, corroded, rising, flying
A: breathe fire, AC +8, unfitting armour, fire resistance 1, cold-blooded
a: Breathe Fire, Renounce Religion, Fiery Armour, Foxfire Swarm


You were on level 2 of the Orcish Mines.
You worshipped Ignis.
Ignis was most pleased with you.
You visited 4 branches of the dungeon, and saw 21 of its levels.

You collected 1673 gold pieces.
You spent 304 gold pieces at shops.

Inventory:

Hand Weapons
 a - a +2 demon whip of venom
 g - a +1 flail of freezing
 C - a +4 trident
 L - a +2 flail
 M - a -1 mace of flaming
 R - a +3 flail of draining
Armour
 m - a +2 pair of gloves (worn)
 n - a +2 cloak (worn)
 u - a +2 pair of boots (worn)
 G - a +2 hat (worn)
Magical Staves
 z - a staff of fire (weapon)
 E - a staff of air
Jewellery
 l - a ring of protection from fire
 s - a ring of resist corrosion (left hand)
 B - a ring of magical power (right hand)
 N - the ring of Dykhik {Fire Will+ rCorr Stlth+}
   (You took it off an ogre mage on level 10 of the Dungeon)

   [ring of fire]

   It enhances your fire magic.
   rF:        It protects you from fire.
   rC:        It makes you vulnerable to cold.
   rCorr:     It protects you from acid and corrosion.
   Will:      It increases your willpower.
   Stlth:     It makes you more stealthy.
 Y - a ring of flight
Wands
 x - a wand of paralysis (12)
 D - a wand of iceblast (27)
 H - a wand of charming (7)
 V - a wand of flame (2)
Scrolls
 c - 2 scrolls of vulnerability
 d - 4 scrolls of silence
 f - a scroll of brand weapon
 j - a scroll of enchant armour
 k - a scroll of blinking
 o - 5 scrolls of magic mapping
 q - 2 scrolls of fog
 r - 10 scrolls of teleportation
 t - 5 scrolls of fear
 y - 2 scrolls of summoning
 A - 4 scrolls of amnesia
 I - a scroll of holy word
 Q - 2 scrolls of torment
Potions
 b - a potion of heal wounds
 e - 3 potions of mutation
 h - 3 potions of resistance
 i - 5 potions of curing
 p - a potion of haste
 v - 3 potions of flight
 w - a potion of ambrosia {unknown}
 F - 2 potions of invisibility {unknown}
 S - 3 potions of magic
 T - 4 potions of cancellation
Miscellaneous
 J - a lightning rod (4/4)
 O - a piece from Xom's chessboard (15/15)
 U - a tin of tremorstones (2/2)
 Z - a condenser vane


   Skills:
 + Level 13.4 Fighting
 - Level 12.0 Maces & Flails
 + Level 2.6 Dodging
 + Level 11.1 Spellcasting
 + Level 10.4 Conjurations
 + Level 14.6 Fire Magic


You had 22 spell levels left.
You knew the following spells:

 Your Spells              Type           Power      Damage    Failure   Level
a - Scorch                Fire           100%       2d10      1%          2
b - Magic Dart            Conj           100%       1d8       1%          1
c - Flame Wave            Conj/Fire      70%        2d13      1%          4
d - Starburst             Conj/Fire      35%        6d10      6%          6

Your spell library contained the following spells:

 Spells                   Type           Power      Damage    Failure   Level
 Foxfire                  Conj/Fire      100%       2x1d9     1%          1
 Searing Ray              Conj           94%        2d7       1%          2
 Conjure Flame            Conj/Fire      70%        6-21      1%          3
 Inner Flame              Hex/Fire       53%        N/A       1%          3
 Dazzling Flash           Conj/Hex       56%        N/A       2%          3
 Mephitic Cloud           Conj/Pois/Air  22%        N/A       4%          3
 Animate Skeleton         Necr           20%        N/A       7%          1
 Pain                     Necr           40%        1d6       7%          1
 Summon Small Mammal      Summ           40%        N/A       7%          1
 Fulminant Prism          Conj/Hex       14%        3d9       9%          4
 Iskenderun's Mystic Bla  Conj/Tloc      28%        2d7       9%          4
 Ensorcelled Hibernation  Hex/Ice        20%        N/A       11%         2
 Passwall                 Tmut/Erth      8%         N/A       11%         2
 Poisonous Vapours        Pois/Air       20%        N/A       11%         2
 Call Canine Familiar     Summ           10%        N/A       22%         3
 Gell's Gravitas          Tloc           10%        N/A       22%         3
 Lesser Beckoning         Tloc           10%        N/A       22%         3
 Summon Guardian Golem    Hex/Summ       10%        N/A       22%         3
 Swiftness                Air            10%        N/A       22%         3
 Teleport Other           Tloc           10%        N/A       22%         3
 Vampiric Draining        Necr           10%        2d6       22%         3
 Freezing Cloud           Conj/Ice/Air   11%        6-21      43%         5
 Animate Dead             Necr           5%         N/A       56%         4
 Borgnjor's Vile Clutch   Necr/Erth      5%         N/A       89%         5
 Summon Forest            Summ/Tloc      5%         N/A       89%         5
 Summon Mana Viper        Hex/Summ       10%        N/A       89%         5
 Death Channel            Necr           5%         N/A       100%        6
 Simulacrum               Ice/Necr       5%         N/A       100%        6
 Summon Cactus Giant      Summ           5%         N/A       100%        6
 Chain Lightning          Conj/Air       14%        3d18      100%        9
 Fire Storm               Conj/Fire      35%        8d9       100%        9
 Polar Vortex             Ice            5%         N/A       100%        9
 Shatter                  Erth           5%         3d8*      100%        9


Dungeon Overview and Level Annotations

Branches:
Dungeon (12/15)            Temple (1/1) D:4            Lair (6/6) D:10
  Swamp (0/4) Lair:4       Spider (0/4) Lair:3        Slime (0/5) Lair:6
    Orc (2/2) D:12            Elf (0/3) Orc:2

Altars:
Ashenzari
Cheibriados
Dithmenos
Elyvilon
Fedhas
Gozag
Hepliaklqana
Kikubaaqudgha
Makhleb
Nemelex Xobeh
Okawaru
Qazlal
Ru
Sif Muna
Trog
Uskayaw
Vehumet
Wu Jian
Xom
Yredelemnul
Zin
The Shining One
Jiyva

Shops:
D:7 =[:[=   D:9 ?

Annotations:
D:3 1 runed translucent door, kae's ghost, weakling DgFE
D:10 2 runed translucent doors


Innate Abilities, Weirdness & Mutations

You can breathe blasts of fire.
Your fiery red scales are hard. (AC +8)
You cannot fit into any form of body armour.
Your flesh is heat resistant. (rF+)
You are cold-blooded and may be slowed by cold attacks.


Message History

The orc warrior is heavily wounded.
The bolt of fire hits the orc knight!!
The orc knight is heavily wounded.
The bolt of fire hits the orc warlord!!
The orc warlord is lightly wounded.
The bolt of fire hits the rust devil.
The rust devil completely resists.
The bolt of fire hits the orc knight!!
You kill the orc knight!
The bolt of fire hits the orc warrior!!
You kill the orc warrior!
The orc priest calls down the wrath of Beogh upon you.
Beogh smites you! The orc warrior closely misses you.
The orc high priest prays to Beogh.
The rust devil hits you. The rust devil corrodes you!
Casting: Starburst (dangerous; 6% risk of failure)
Confirm with . or Enter, or press ? or * to list all spells.
You don't have enough magic to cast this spell.
Okay, then.
Magic courses through your body.
The orc priest calls upon Beogh to heal the orc warrior.
The orc warrior is healed somewhat.
The orc high priest mumbles some strange prayers.
The orc warrior hits you with a +0 long sword!!
A troll comes into view.
The orc warrior hits you from afar with a +0 glaive!
* * * LOW HITPOINT WARNING * * *
The orc high priest calls upon Beogh to heal the orc knight.
The orc knight is healed somewhat.
The troll bites you!
* * * LOW HITPOINT WARNING * * *
The troll barely misses you. The troll claws you but does no damage.
The red devil hits you from afar with a +0 trident.
* * * LOW HITPOINT WARNING * * *
Barbed spikes become lodged in your body.
The rust devil hits you!
* * * LOW HITPOINT WARNING * * *
Okay, then.
You begin to rise into the air.
The orc priest hits you with a +0 club.
* * * LOW HITPOINT WARNING * * *
The orc warrior hits you from afar with a +0 glaive!!
You die...

..>...# ...
.....#.##..
....#......
..ooo....o
T.$...4..# .
....oooo.# ...
.....ooT.#.....
....o44@.)#
......o#.#..#
......o ..$ .#
..)..#. ....#
...)... ...##
.... .. ..##
... ... ..# ...
... ..#


You could see an orc warlord (strong), 2 orc knights, 2 orc high priests, a
hellwing (summoned), a rust devil (summoned), 2 trolls, a red devil (summoned),
4 orc warriors, 3 orc priests and an orc wizard (strong).

Vanquished Creatures
  Snorg (Lair:4)
  An ogre mage (D:10)
  A boulder beetle (Lair:3)
  11 hydras
  3 two-headed ogres
  3 centaur warriors (D:10)
  Urug (D:11)
  Sonja (D:11)
  Amaemon (D:9)
  A skeletal warrior (D:10)
  2 goliath frogs (Lair:6)
  A lindwurm (Lair:6)
  An orc knight (Orc:2)
  A deep elf pyromancer (D:10)
  An ugly thing (D:10)
  A manticore (D:11)
  An orc sorcerer (Orc:2)
  A cyclops (D:11)
  6 elephants (Lair:6)
  3 black mambas
  23 cane toads
  A torpor snail (Lair:4)
  An orange demon (D:10)
  A rime drake (Lair:6)
  6 komodo dragons
  A meliai (Lair:3)
  A polar bear (Lair:5)
  18 blink frogs
  6 trolls
  A hornet (D:10)
  2 tyrant leeches (Lair:6)
  7 slime creatures
  A vampire (D:9)
  2 shadows
  5 wyverns
  55 yaks
  8 basilisks
  A death yak simulacrum (Lair:6)
  7 steam dragons
  5 vampire mosquitoes (Lair:6)
  A swamp worm (Lair:4)
  A warg (D:12)
  12 water moccasins
  An acid dragon (D:9)
  11 orc warriors
  2 ice beasts (D:6)
  A black bear (D:7)
  8 centaurs
  4 ogres
  A phantom (D:5)
  A kobold brigand (D:9)
  18 bullfrogs
  3 necrophages
  4 scorpions
  2 gnoll sergeants (D:10)
  17 wights
  2 elephant simulacra (Lair:6)
  5 killer bees
  3 howler monkeys (D:7)
  3 electric eels
  A jelly (D:6)
  2 hounds
  7 orc priests
  A hell rat (Lair:2)
  6 iguanas
  19 orc wizards
  A wolf simulacrum (Lair:6)
  A centaur simulacrum (D:10)
  7 gnolls
  11 adders
  6 river rats (Lair:2)
  A shadow imp (D:6)
  3 white imps
  4 worms
  A dart slug (D:1)
  53 orcs
  4 endoplasms
  7 giant cockroaches
  7 goblins
  8 hobgoblins
  4 quokkas
  7 ball pythons
  A bat (D:1)
  3 frilled lizards
  11 kobolds
  5 rats
475 creatures vanquished.

Vanquished Creatures (others)
  20 foxfires (D:5)
  52 fungi
  143 plants
215 creatures vanquished.

Grand Total: 690 creatures vanquished

Notes
Turn   | Place    | Note
-------+----------+-------------------------------------------
     0 | D:1      | Gwenloh the Draconian Cinder Acolyte began the quest for
                  | the Orb.
     0 | D:1      | Reached XP level 1. HP: 19/19 MP: 2/2
    30 | D:1      | You fall into a shaft and drop 1 floor!
   212 | D:2      | Reached XP level 2. HP: 26/26 MP: 3/3
   215 | D:2      | Learned a level 2 spell: Scorch
   220 | D:2      | Noticed a scorpion
   225 | D:2      | Killed a scorpion
   226 | D:2      | Reached XP level 3. HP: 33/33 MP: 3/5
   226 | D:2      | Reached XP level 4. HP: 40/40 MP: 3/6
   353 | D:2      | Found a faded altar of an unknown god.
  2002 | D:3      | Found a runed translucent door.
  2005 | D:3      | Noticed kae's ghost (weakling DgFE)
  2077 | D:3      | Reached XP level 5. HP: 36/46 MP: 2/8
  2155 | D:3      | Got the Compendium of Dusty Poison
  2389 | D:3      | Found a white marble altar of Elyvilon.
  2930 | D:4      | Reached skill level 4 in Fire Magic
  3010 | D:4      | Found a staircase to the Ecumenical Temple.
  3019 | Temple   | Entered the Ecumenical Temple
  3408 | D:4      | Reached XP level 6. HP: 53/53 MP: 10/10
  4113 | D:5      | Entered Level 5 of the Dungeon
  4282 | D:5      | Reached skill level 5 in Fighting
  4448 | D:5      | Noticed a yak
  4448 | D:5      | Noticed a yak
  4448 | D:5      | Noticed a yak
  4450 | D:5      | Noticed a yak
  4450 | D:5      | Noticed a yak
  4490 | D:4      | Killed a yak
  4491 | D:4      | Your scales start taking on a fiery red colour.
  4491 | D:4      | Reached skill level 5 in Fire Magic
  4491 | D:4      | Reached XP level 7. HP: 60/61 MP: 6/12
  4491 | D:4      | Gained mutation: Your flesh is heat resistant. (rF+) [Red
                  | Draconian growth]
  4868 | D:5      | Reached skill level 5 in Maces & Flails
  4868 | D:5      | Reached skill level 6 in Fire Magic
  5491 | D:6      | Learned a level 1 spell: Magic Dart
  5518 | D:6      | Reached XP level 8. HP: 70/70 MP: 6/14
  5832 | D:6      | Reached skill level 7 in Fire Magic
  5900 | D:6      | Reached skill level 5 in Spellcasting
  6448 | D:6      | Reached XP level 9. HP: 68/79 MP: 15/17
  6545 | D:6      | Reached skill level 8 in Fire Magic
  6824 | D:7      | Found Jyptug's Jewellery Emporium.
  6830 | D:7      | Bought a ring of magical power for 220 gold pieces
  6897 | D:7      | Reached skill level 1 in Conjurations
  7024 | D:7      | Found Daptoq's Armour Shoppe.
  7293 | D:7      | Found Qempifol's Jewellery Shop.
  7396 | D:7      | Found Erei's Book Emporium.
  7417 | D:7      | Found Hicimui's Antique Armour Shoppe.
  7508 | D:7      | Learned a level 4 spell: Flame Wave
  8076 | D:8      | Reached skill level 9 in Fire Magic
  8220 | D:8      | Noticed a two-headed ogre
  8227 | D:8      | Killed a two-headed ogre
  8228 | D:8      | Reached XP level 10. HP: 50/90 MP: 17/19
 10037 | D:9      | Found a bloodstained altar of Trog.
 10221 | D:9      | Found Ciroaj's Magic Scroll Shoppe.
 10227 | D:9      | Bought a scroll of identify for 28 gold pieces
 10227 | D:9      | Bought a scroll of identify for 28 gold pieces
 10227 | D:9      | Bought a scroll of identify for 28 gold pieces
 10413 | D:10     | Entered Level 10 of the Dungeon
 10576 | D:10     | Noticed a two-headed ogre
 10584 | D:10     | Killed a two-headed ogre
 10585 | D:10     | Reached skill level 10 in Fire Magic
 10758 | D:10     | Noticed a centaur warrior
 10763 | D:10     | Noticed a purple ugly thing
 10769 | D:10     | Killed a centaur warrior
 10770 | D:10     | Reached skill level 5 in Conjurations
 10827 | D:10     | Killed a purple ugly thing
 10848 | D:10     | Found a runed translucent door.
 10848 | D:10     | Found a runed translucent door.
 10848 | D:10     | Noticed an orc knight
 10848 | D:10     | Noticed a manticore
 10857 | D:10     | Paralysed by a hornet for 2 turns
 10860 | D:10     | Reached XP level 11. HP: 44/97 MP: 22/22
 10976 | D:10     | Noticed a centaur warrior
 11047 | D:10     | Noticed a skeletal warrior
 11061 | D:10     | Killed a skeletal warrior
 11065 | D:10     | Identified the ring of Dykhik {Fire Will+ rCorr Stlth+}
 11065 | D:10     | Noticed an ogre mage
 11350 | D:10     | Killed an ogre mage
 11562 | D:10     | Killed a centaur warrior
 11580 | D:10     | Reached skill level 10 in Fighting
 11603 | D:10     | Noticed a deep elf pyromancer
 11845 | D:10     | Killed a deep elf pyromancer
 11946 | D:10     | Found a staircase to the Lair.
 12167 | D:10     | Noticed a two-headed ogre
 12189 | D:10     | Killed a two-headed ogre
 12190 | D:10     | Reached skill level 11 in Fire Magic
 12416 | D:10     | Noticed Amaemon
 12508 | D:9      | Killed Amaemon
 13116 | D:10     | Noticed an eight-headed hydra
 13125 | D:10     | Killed an eight-headed hydra
 13223 | D:10     | Noticed a centaur warrior
 13239 | D:10     | Killed a centaur warrior
 13459 | Lair:1   | Entered Level 1 of the Lair of Beasts
 13762 | Lair:1   | Reached XP level 12. HP: 64/108 MP: 21/24
 14221 | Lair:1   | Reached skill level 10 in Maces & Flails
 15003 | Lair:1   | Learned a level 6 spell: Starburst
 15023 | Lair:2   | Reached skill level 12 in Fire Magic
 16901 | Lair:3   | Noticed a four-headed hydra
 16906 | Lair:3   | Killed a four-headed hydra
 17187 | Lair:3   | Found an ornate altar of the Wu Jian Council.
 17188 | Lair:3   | Noticed a boulder beetle
 17214 | Lair:3   | Killed a boulder beetle
 17459 | Lair:3   | Found a hide-covered altar of Uskayaw.
 17537 | Lair:3   | Found a hole to the Spider Nest.
 17836 | Lair:4   | Noticed Snorg
 18192 | Lair:4   | Killed Snorg
 18700 | Lair:4   | Reached XP level 13. HP: 117/117 MP: 26/26
 19642 | Lair:4   | Reached skill level 13 in Fire Magic
 20275 | Lair:4   | Found a staircase to the Swamp.
 21360 | Lair:5   | Reached skill level 10 in Spellcasting
 21869 | Lair:6   | Entered Level 6 of the Lair of Beasts
 21894 | Lair:6   | HP: 4/119 [acid (3)]
 22748 | Lair:6   | Found a blossoming altar of Fedhas.
 23683 | Lair:6   | Found a viscous altar of Jiyva.
 23684 | Lair:6   | Found a staircase to the Slime Pits.
 23687 | Lair:6   | Identified the +4 mace of Fresh Punishment {vorpal, Int+3}
 23857 | Lair:6   | Reached skill level 14 in Fire Magic
 24015 | Lair:6   | Reached XP level 14. HP: 41/127 MP: 24/28
 24825 | Lair:6   | Reached skill level 10 in Conjurations
 25472 | D:11     | Reached skill level 1 in Dodging
 25803 | D:11     | Noticed Urug
 25811 | D:11     | Killed Urug
 26126 | D:11     | Noticed Sonja
 26133 | D:11     | Killed Sonja
 26633 | D:12     | Found a staircase to the Orcish Mines.
 27553 | Orc:1    | Entered Level 1 of the Orcish Mines
 27903 | Orc:2    | Entered Level 2 of the Orcish Mines
 27903 | Orc:2    | Found a staircase to the Elven Halls.
 27915 | Orc:2    | Noticed an orc warlord
 27920 | Orc:2    | Annihilated by an orc warrior

Illustrated notes

Levels and vault maps discovered:
D:1:      dpeg_arrival_shelter, layout_rooms
D:2:      layout_loops_corners, shapermc_ecumenical_altar_notcrosses,
          serial_forest, infiniplex_forest_clump_double,
          infiniplex_forest_corner_1, infiniplex_forest_straight_3,
          infiniplex_forest_lined_ring
D:3:      layout_rooms, mainiacjoe_overflow_chevrons, ebering_ghost_sewer_d,
          serial_corexii_hall, corexii_hall_statues_x, corexii_hall_statues_x,
          chequers_hall_statues_corner_a
D:4:      layout_cave_pools, minmay_temple_entry_fiery, serial_bayou_lagoon_a
D:5:      layout_cave_pods, minivault_1
D:6:      minmay_razor_zed, layout_basic, chequers_garden, minmay_misc_feat_tiny
D:7:      layout_basic, serial_shops, shop, shop, shop, kennysheep_little_box,
          shop, kennysheep_nub
D:8:      layout_layer_cave, serial_glass, glass_columns_a, glass_columns_c,
          glass_columns_c, glass_columns_c, glass_columns_a, glass_columns_a,
          minmay_misc_feat_secret_circle, minmay_strange_pillars,
          chequers_serial_rivers_large_a, kb_lookout_dungeons_type
D:9:      layout_cave_pools, mainiacjoe_overflow_24_doors, serial_shops,
          nicolae_square_shop
D:10:     minmay_the_grid_triangle_9x9_rhombus_thin_mashed
          [minmay_the_grid_triangle_9x9_impossible_snake,
          minmay_the_grid_triangle_9x9_prize_top_heavy,
          minmay_the_grid_triangle_9x9_warning,
          minmay_the_grid_triangle_9x9_tough_junction], layout_stronghold,
          lair_entry_dummy, uniq_amaemon
D:11:     layout_roguey, serial_bayou_pond_d, minivault_19, uniq_urug,
          uniq_sonja
D:12:     layout_loops_ring, david_orc_3, dreamdust_mushroom_princess
Temple:   regret_index_temple_chain_breaker
Lair:1:   layout_cave_pods, gauntlet_entry_generic
Lair:2:   layout_cellular_growth, kennysheep_abandoned_house,
          serial_bayou_shore_a, lemuel_fruit_tree
Lair:3:   layout_regular_city, hellmonk_spider_entry_not_the_bees,
          nzn_masters_of_martial_movement
Lair:4:   layout_long_grid, palyth_hydra_swamp_entry, uniq_snorg
Lair:5:   layout_cave_pods
Lair:6:   minmay_lair_end_frog_pond, layout_loops_ring, slime_altar_1,
          portal_ice_cave_entry_ice_simulacra, lemuel_centaur_altar
Orc:1:    layout_caves
Orc:2:    grunt_orc_gardens, layout_caves, grunt_orc_garden, grunt_orc_garden,
          grunt_orc_garden, grunt_orc_garden, uniq_azrael

Skill      XL: |  1  2  3  4  5  6  7  8  9 10 11 12 13 14 |
---------------+-------------------------------------------+-----
Spellcasting   | 2 3 4 5 6 7 8 9 10 11 | 11.1
Fighting       | 4 5 6 7 8 9 10 11 12 13 | 13.4
Fire Magic     | 4 5 6 7 9 10 11 12 14 | 14.6
Maces & Flails | 4 5 6 7 8 9 10 11 12 | 12.0
Conjurations   | 3 5 6 8 9 10 | 10.4
Dodging        | 2 |  2.6

Action                   |  1- 3 |  4- 6 |  7- 9 | 10-12 | 13-15 || total
-------------------------+-------+-------+-------+-------+-------++-------
Melee: Mace              |    16 |    61 |    55 |    34 |       ||   166
       Tailslap          |     1 |     6 |     8 |    41 |    18 ||    74
       Punch             |       |       |     2 |     3 |     1 ||     6
       Demon whip        |       |       |       |   143 |    86 ||   229
       Flail             |       |       |       |    22 |       ||    22
       Staff             |       |       |       |       |    20 ||    20
 Cast: Scorch            |       |    91 |    99 |   226 |   255 ||   671
       Magic Dart        |       |       |    14 |    35 |    38 ||    87
       Flame Wave        |       |       |     2 |    16 |     7 ||    25
       Starburst         |       |       |       |     6 |    34 ||    40
Invok: Fiery Armour      |     1 |     2 |     1 |       |       ||     4
       Foxfire Swarm     |       |     1 |       |       |       ||     1
       Rising Flame      |       |       |       |       |     1 ||     1
 Abil: Breathe Fire      |       |       |    34 |    58 |    50 ||   142
Evoke: Wand              |       |       |       |       |     7 ||     7
  Use: Scroll            |       |       |       |    18 |    16 ||    34
       Potion            |       |       |       |     7 |     6 ||    13
Armor: Skin              |    14 |    32 |    47 |   222 |   150 ||   465
Dodge: Dodged            |    12 |    45 |    70 |   200 |   180 ||   507

Table legend: (Time is in decaauts)
 A = Elapsed time spent in this place.
 B = Non-inter-level travel time spent in this place.
 C = Inter-level travel time spent in this place.
 D = Time resting spent in this place.
 E = Time spent auto-exploring this place.
 F = Levels seen in this place.
 G = Mean time per level.
                   A        B        C        D        E       F      G
               +--------+--------+--------+--------+--------+-----+--------+
         Total |  27946 |  27157 |    789 |   3460 |  20109 |  21 | 1330.8 |
       Dungeon |  15598 |  15157 |    441 |   1490 |  11552 |  12 | 1299.8 |
        Temple |    222 |    211 |     11 |      0 |    173 |   1 |  222.0 |
          Lair |  11759 |  11442 |    317 |   1943 |   8122 |   6 | 1959.8 |
  Orcish Mines |    366 |    347 |     19 |     27 |    262 |   2 |  183.0 |
               +--------+--------+--------+--------+--------+-----+--------+

Top non-repeatable levels by time:
  Lair:5: 2438 daAuts
    D:10: 2388 daAuts
  Lair:4: 2189 daAuts
  Lair:6: 2167 daAuts
     D:8: 1925 daAuts
  Lair:3: 1854 daAuts
     D:9: 1659 daAuts
  Lair:1: 1574 daAuts
  Lair:2: 1534 daAuts
    D:11: 1372 daAuts
     D:2: 1327 daAuts
     D:6: 1294 daAuts
     D:5: 1261 daAuts
     D:4: 1179 daAuts
     D:3: 946 daAuts
